 Dungeon Crawl Stone Soup version 0.16-a0-3855-gd2600ac (webtiles) character file.

3878 abixa the Grappler (level 10, 0/96 HPs)
             Began as a Troll Monk on Jan 31, 2015.
             Was a Priest of Ru.
             Killed from afar by an electric eel (7 damage)
             ... with a bolt of electricity
             ... on level 11 of the Dungeon.
             The game lasted 00:29:16 (6319 turns).

abixa the Grappler (Troll Monk)                     Turns: 6319, Time: 00:29:17

Health: 0/96       AC:  5    Str: 21    XL:     10   Next: 0%
Magic:  4/4        EV: 12    Int:  6    God:    Ru [***...]
Gold:   362        SH:  0    Dex: 15    Spells: 0 memorised, 9 levels left

rFire  . . .     SeeInvis .       - Unarmed
rCold  . . .     Clarity  .     a - +0 robe
rNeg   + . .     SustAb   .     (shield unavailable)
rPois  .         Gourm    +     (helmet restricted)
rElec  .         Spirit   .     (no cloak)
rCorr  .         Warding  .     (gloves unavailable)
rMut   .         Stasis   .     (boots unavailable)
MR     .....                    (no amulet)
Stlth  ..........               Q - ring of positive energy
                                (ring unavailable)

@: not resistant to hostile enchantments, extremely unstealthy
A: unfitting armour, claws 3, fast metabolism 3, gourmand, regeneration 2,
shaggy fur 1, tough skin 2, missing a hand, no stealth
a: Draw Out Power, Renounce Religion


You were on level 11 of the Dungeon.
You worshipped Ru.
Ru was most pleased with you.
You were very full.

You visited 1 branch of the dungeon, and saw 9 of its levels.

You collected 362 gold pieces.

Inventory:

Hand weapons
 b - a +0 blowgun
 r - a +1 dagger of venom
 K - a +0 spear
Missiles
 f - 274 stones
 o - 72 poisoned needles
 A - 13 tomahawks (quivered)
 V - 19 sling bullets
Armour
 a - a +0 robe (worn)
Rods
 O - a +0 rod of inaccuracy (12/12)
   (You found it on level 6 of the Dungeon)
Jewellery
 d - an uncursed ring of flight
 p - a cursed ring of protection from fire {unknown}
 z - an uncursed ring of magical power
 Q - a ring of positive energy (right claw)
Magical devices
 i - a wand of magic darts (17)
 E - a wand of flame (20)
 L - a wand of enslavement (0)
Scrolls
 e - 3 scrolls of noise
 g - a scroll of recharging {unknown}
 j - 2 scrolls of magic mapping
 l - 4 scrolls of identify
 w - 2 scrolls of enchant weapon {unknown}
 y - 3 scrolls of teleportation {unknown}
 G - 2 scrolls of fog
 I - 4 scrolls of remove curse {unknown}
 N - a scroll of fear {unknown}
 P - a scroll of enchant armour {unknown}
 R - 2 scrolls of amnesia
 T - a scroll of torment {unknown}
Potions
 c - 5 potions of curing {unknown}
 k - 4 potions of poison {unknown}
 n - a potion of ambrosia {unknown}
 q - 3 potions of brilliance {unknown}
 s - 3 potions of magic {unknown}
 t - a potion of degeneration {unknown}
 u - a potion of heal wounds {unknown}
 v - 2 potions of lignification {unknown}
 B - a potion of haste {unknown}
 D - 2 potions of agility {unknown}
 F - a potion of invisibility {unknown}
 J - 2 potions of cure mutation {unknown}
 M - 2 potions of cancellation {unknown}
Books
 S - a book of Alchemy

   Spells                             Type                      Level
   a - Sublimation of Blood           Necromancy                   2
   b - Alistair's Intoxication        Transmutation/Poison         4
   c - Condensation Shield            Ice                          4
   d - Petrify                        Transmutation/Earth          4
   e - Ignite Poison                  Fire/Transmutation           5
   f - Irradiate                      Conjuration/Transmutation    5
Comestibles
 h - a slice of pizza
 m - 14 fruits
 x - 4 meat rations
 C - a beef jerky
 H - a bread ration
 U - 4 chunks of flesh


   Skills:
 + Level 5.4 Fighting
 + Level 6.4 Throwing
 + Level 5.4 Dodging
 * Level 10.1 Unarmed Combat


You had 9 spell levels left.
You didn't know any spells.

Dungeon Overview and Level Annotations

Branches:
Dungeon (11/15)            Temple (0/1) D:6
   Lair: D:8-11         Orc: D:9-12

Altars:
Dithmenos
Elyvilon
Fedhas
Gozag
Makhleb
Okawaru
Ru
Sif Muna
Vehumet
The Shining One


Innate Abilities, Weirdness & Mutations

You are too large for most types of armour.
You have claws for hands.
Your metabolism is lightning-fast.
You like to eat raw meat.
You heal very quickly.
You are covered in fur (AC +1).
You have very tough skin (AC +2).
You are missing a hand.
You cannot be stealthy.


Message History

Read which item? (? for menu, Esc to quit)
As you read the scroll of magic mapping, it crumbles to dust.
You feel aware of your surroundings.
You sensed 4 shops/portals.
Unknown command.
Unknown command.
Unknown command.
The electric eel shoots out a bolt of lightning at you!
The bolt of electricity hits you! x2
The electric eel shoots out a bolt of lightning at you!
The bolt of electricity hits you!
* * * LOW HITPOINT WARNING * * *
A hill giant, an electric eel and a simulacrum come into view.
The hill giant shouts!
The electric eel shoots out a bolt of lightning at you!
The bolt of electricity hits the electric eel.
The electric eel resists.
The bolt of electricity hits you!
* * * LOW HITPOINT WARNING * * *
The electric eel shoots out a bolt of lightning at you!
The bolt of electricity hits you!
You die...

,,,,,,,,** #..,*******,*,*****,
,,,,,,,,******##.#,,,,*,,,,,,,,,,,,
,,,,,,,,,,,,,,,..#,**,*,****,******
,,****,,*******#.#>**,*,* *,*
,******,* #.#***,,,* *,*
,,,,,,*,########.###,,,** *,*
*****,*,#........(.#,,,** *,******
*,*,..?..<...#.#,,,,** *,,,,,,,
*,*,....#####@.#*,*,,***,*,****
*,,,,..,,* *#.;≈≈.....,,,,,≈≈≈≈
***,,,,,** *...≈≈≈≈≈≈≈≈≈≈,,≈≈≈≈
*,,,,****#..≈.≈≈...,,,,,,,,≈≈
*******,,,,,,,,≈≈≈≈≈≈...∩,,≈,,,≈≈≈,
,,,,,****,****.≈≈.≈.(Z≈.,,,≈≈≈≈≈≈≈≈
****,****,****#≈..C...≈≈,,,,≈≈≈≈,≈≈
*,,,,,,,,,,..≈.≈≈≈;≈≈≈≈≈≈≈≈≈≈≈≈≈
************,...,≈≈,,≈,≈,,,≈,,,≈


You could see a hill giant, 2 electric eels and a worker ant simulacrum.

Vanquished Creatures
  Pikel (D:4)
  Grinder (D:5)
  2 yaks
  Eustachio (D:5)
  A wyvern (D:11)
  A hippogriff (D:7)
  A water moccasin (D:11)
  Edmund (D:5)
  Duvessa (D:4)
  Menkaure (D:4)
  The ghost of abixa the Ruffian, an average VSMo (D:4)
  A phantom (D:4)
  An orc warrior (D:7)
  2 slaves
  An ice beast (D:11)
  3 ogres
  A giant frog (D:7)
  A wyvern zombie (D:7)
  A scorpion (D:5)
  A water moccasin skeleton (D:6)
  3 goliath beetles (D:6)
  Dowan (D:4)
  5 hounds
  3 crimson imps
  7 orc wizards
  2 centaur skeletons (D:4)
  An iguana (D:4)
  An orc priest (D:4)
  Natasha (thrice) (D:5)
  8 worker ants
  Jessica (D:2)
  A hound skeleton (D:6)
  A worker ant zombie (D:6)
  8 adders
  4 gnolls (D:4)
  3 worms
  A shadow imp (D:5)
  3 adder skeletons
  A felid zombie (D:5)
  An adder zombie (D:5)
  A giant gecko (D:3)
  2 oozes
  14 orcs
  A ball python (D:6)
  12 bats
  A bat skeleton (D:4)
  3 giant cockroaches
  9 goblins
  9 hobgoblins
  2 quokkas
  A giant gecko skeleton (D:4)
  2 giant newts
  A giant spore (D:7)
  4 jackals (D:1)
  8 kobolds
  11 rats
  2 ballistomycetes (D:7)
  A fungus (D:5)
166 creatures vanquished.

Vanquished Creatures (others)
  A slave (D:4)
  An adder (D:4)
2 creatures vanquished.

Grand Total: 168 creatures vanquished

Notes
Turn   | Place    | Note
--------------------------------------------------------------
     0 | D:1      | abixa, the Troll Monk, began the quest for the Orb.
     0 | D:1      | Reached XP level 1. HP: 22/22 MP: 1/1
   174 | D:1      | Reached XP level 2. HP: 29/29 MP: 1/1
   776 | D:2      | Reached skill level 5 in Unarmed Combat
   778 | D:2      | Noticed Jessica
   783 | D:2      | Killed Jessica
   783 | D:2      | Reached XP level 3. HP: 33/36 MP: 2/2
  1340 | D:3      | Reached XP level 4. HP: 44/44 MP: 2/2
  1636 | D:3      | Reached skill level 6 in Unarmed Combat
  1642 | D:3      | Reached XP level 5. HP: 46/50 MP: 2/2
  1977 | D:4      | Noticed Menkaure
  1983 | D:4      | Killed Menkaure
  1983 | D:4      | Reached skill level 1 in Throwing
  1983 | D:4      | Reached skill level 7 in Unarmed Combat
  1983 | D:4      | Reached XP level 6. HP: 41/59 MP: 3/3
  2096 | D:4      | Noticed a slave
  2096 | D:4      | Noticed a slave
  2117 | D:4      | Killed a slave
  2158 | D:4      | Noticed abixa's ghost (average VSMo)
  2167 | D:3      | Killed a slave
  2175 | D:4      | Killed abixa's ghost
  2201 | D:4      | Noticed Pikel
  2274 | D:4      | Noticed an ogre
  2288 | D:4      | Killed an ogre
  2288 | D:4      | Reached XP level 7. HP: 39/66 MP: 3/3
  2620 | D:4      | Noticed a phantom
  2646 | D:4      | Killed a phantom
  2646 | D:4      | Reached skill level 8 in Unarmed Combat
  2696 | D:4      | Killed Pikel
  2696 | D:4      | Reached XP level 8. HP: 68/75 MP: 3/3
  2846 | D:4      | Killed a freed slave
  2905 | D:4      | Noticed a freed slave
  2928 | D:4      | Noticed Duvessa
  2929 | D:4      | Noticed Dowan
  2958 | D:4      | Killed Dowan
  3521 | D:4      | Killed Duvessa
  3625 | D:5      | Entered Level 5 of the Dungeon
  3628 | D:5      | Noticed Edmund
  3629 | D:5      | Noticed Grinder
  3762 | D:5      | Found a blossoming altar of Fedhas.
  3788 | D:5      | Killed Grinder
  3788 | D:5      | Reached skill level 5 in Throwing
  3840 | D:5      | Killed Edmund
  3840 | D:5      | Reached skill level 9 in Unarmed Combat
  3954 | D:5      | Noticed Natasha
  3993 | D:5      | Killed Natasha
  4136 | D:5      | Reached XP level 9. HP: 82/84 MP: 4/4
  4241 | D:5      | Noticed Eustachio
  4255 | D:5      | Killed Eustachio
  4302 | D:5      | Noticed Natasha
  4338 | D:5      | Killed Natasha
  4404 | D:5      | Found a deep blue altar of Sif Muna.
  4551 | D:5      | Found a sacrificial altar of Ru.
  4562 | D:5      | Became a worshipper of Ru the Awakened
  4569 | D:5      | Gained mutation: You cannot be stealthy. [Ru sacrifice]
  4693 | D:5      | Noticed Natasha
  4697 | D:5      | Killed Natasha
  4702 | D:5      | Found a radiant altar of Vehumet.
  4767 | D:5      | Found a white marble altar of Elyvilon.
  5256 | D:6      | Found a staircase to the Ecumenical Temple.
  5364 | D:6      | Identified a +0 rod of inaccuracy (12/12) (You found it on level 6 of the Dungeon)
  5419 | D:6      | Found an iron altar of Okawaru.
  5427 | D:6      | Found an opulent altar of Gozag.
  5428 | D:6      | Found a deep blue altar of Sif Muna.
  5889 | D:7      | Found a shadowy altar of Dithmenos.
  5914 | D:7      | Found a glowing golden altar of the Shining One.
  5920 | D:7      | Reached skill level 5 in Fighting
  5920 | D:7      | Reached skill level 5 in Dodging
  6207 | D:7      | You fall through a shaft for 3 floors!
  6207 | D:10     | Entered Level 10 of the Dungeon
  6263 | D:10     | Found a burning altar of Makhleb.
  6288 | D:11     | Reached skill level 10 in Unarmed Combat
  6309 | D:11     | Reached XP level 10. HP: 37/96 MP: 4/4
  6310 | D:11     | Gained mutation: You are missing a hand. [Ru sacrifice]
  6310 | D:11     | Acquired Ru's first power
  6310 | D:11     | Acquired Ru's second power
  6310 | D:11     | Acquired Ru's third power
  6319 | D:11     | Noticed a hill giant
  6319 | D:11     | Killed from afar by an electric eel

Action                   |  1- 3 |  4- 6 |  7- 9 | 10-12 || total
-------------------------+-------+-------+-------+-------++-------
Melee: Unarmed           |    75 |    80 |   358 |       ||   513
       Spear             |       |       |    19 |       ||    19
 Fire: Blowgun           |       |       |    11 |       ||    11
Throw: Stone             |       |    12 |     2 |       ||    14
       Tomahawk          |       |       |     9 |       ||     9
Invok: Sacrifice Stealth |       |       |     1 |       ||     1
       Sacrifice a Hand  |       |       |       |     1 ||     1
  Use: Scroll            |       |       |       |     5 ||     5
 Stab: Sleeping          |       |       |     5 |       ||     5
  Eat: Chunk             |    13 |    13 |    36 |       ||    62
